 Dungeon Crawl Stone Soup version 0.30-b1-5-g8e6c1be481 (webtiles) character file.

Game seed: 10784234829957433578

16566 CrazyBamboolord the Slicer (level 12, 0/103 HPs)
             Began as a Pale Draconian Artificer on May 4, 2023.
             Was a Follower of Uskayaw.
             Slain by a skyshark (25 damage)
             ... on level 2 of the Lair of Beasts.
             The game lasted 00:30:31 (11783 turns).

CrazyBamboolord the Slicer (DrAr)                  Turns: 11783, Time: 00:30:33

Health: 0/103      AC: 10    Str: 15    XL:     12   Next: 11%
Magic:  11/15      EV: 19    Int: 12    God:    Uskayaw [*.....]
Gold:   536        SH:  0    Dex: 22    Spells: 11/11 levels left

rFire   . . .        b - +5 short sword (holy)
rCold   . . .        (no shield)
rNeg    . . .        (body armour unavailable)
rPois   .            (helmet restricted)
rElec   .            n - +0 cloak
rCorr   .            (no gloves)
SInv    .            e - +0 pair of boots
Will    .....        q - amulet of regeneration
Stlth   ++++         y - +6 ring of dexterity
HPRegen 1.17/turn    (no ring)
MPRegen 0.14/turn

%: no passive effects
@: about to teleport, short of breath
A: breathe steam, AC +8, unfitting armour, cold-blooded, steam resistance
a: Breathe Steam, Renounce Religion, Stomp


You were on level 2 of the Lair of Beasts.
You worshipped Uskayaw.
Uskayaw was noncommittal.
You visited 3 branches of the dungeon, and saw 14 of its levels.

You collected 689 gold pieces.
You spent 153 gold pieces at shops.

Inventory:

Hand Weapons
 b - a +5 short sword of holy wrath (weapon)
 E - a +1 scimitar of flaming
Armour
 e - a +0 pair of boots (worn)
 n - a +0 cloak (worn)
Jewellery
 q - an amulet of regeneration (around neck)
 y - a +6 ring of dexterity (left hand)
 G - a ring of ice
Wands
 c - a wand of charming (14)
 d - a wand of iceblast (2)
 g - a wand of flame (29)
 s - a wand of acid (7)
 C - a wand of polymorph (4)
 J - a wand of digging (5)
Scrolls
 f - 3 scrolls of teleportation
 h - 4 scrolls of magic mapping
 i - 3 scrolls of immolation
 j - 3 scrolls of vulnerability
 k - a scroll of fog
 o - 3 scrolls of noise
 u - a scroll of poison
 z - a scroll of torment
 B - a scroll of enchant weapon
 F - a scroll of silence
 H - 2 scrolls of blinking
 I - a scroll of enchant armour {unknown}
Potions
 a - 4 potions of berserk rage
 l - a potion of mutation
 m - 2 potions of brilliance
 p - a potion of flight {unknown}
 r - 2 potions of lignification
 t - 3 potions of might
 v - 2 potions of cancellation
 w - 2 potions of degeneration {unknown}
 x - 2 potions of ambrosia {unknown}
 D - a potion of attraction
Miscellaneous
 A - a phial of floods


   Skills:
 * Level 8.8 Fighting
 - Level 10.0 Short Blades
 * Level 9.1 Dodging
 * Level 8.7 Stealth
 * Level 5.1 Invocations
 * Level 8.5 Evocations


You had 11 spell levels left.
You didn't know any spells.
Your spell library contained the following spells:

 Spells                   Type           Power      Damage    Failure   Level
 Ensorcelled Hibernation  Hex/Ice        0%         N/A       45%         2
 Lesser Beckoning         Tloc           0%         N/A       45%         2
 Passwall                 Tmut/Erth      0%         N/A       45%         2
 Gell's Gravitas          Tloc           0%         N/A       69%         3
 Inner Flame              Hex/Fire       0%         N/A       69%         3
 Swiftness                Air            0%         N/A       69%         3
 Teleport Other           Tloc           0%         N/A       69%         3
 Yara's Violent Unravell  Hex/Tmut       0%         3d3       100%        5
 Enfeeble                 Hex            0%         N/A       100%        7
 Malign Gateway           Summ/Tloc      0%         N/A       100%        7
 Summon Horrible Things   Summ           0%         N/A       100%        8


Dungeon Overview and Level Annotations

Branches:
Dungeon (11/15)            Temple (1/1) D:7            Lair (2/5) D:10
    Orc (0/2) D:11
  Swamp: Lair:2-3    Shoals: Lair:2-3     Snake: Lair:2-3    Spider: Lair:2-3

Altars:
Ashenzari
Cheibriados
Dithmenos
Elyvilon
Fedhas
Gozag
Hepliaklqana
Kikubaaqudgha
Makhleb
Nemelex Xobeh
Okawaru
Qazlal
Ru
Sif Muna
Trog
Uskayaw
Vehumet
Wu Jian
Xom
Yredelemnul
Zin
The Shining One

Shops:
D:4 *   D:5 *   D:9 ?


Innate Abilities, Weirdness & Mutations

You can breathe blasts of scalding, opaque steam.
Your pale cyan-grey scales are hard. (AC +8)
You cannot fit into any form of body armour.
You are cold-blooded and may be slowed by cold attacks.
You are immune to the effects of steam.


Message History

Aim: a skyshark (steam, moderately wounded, berserk, 81% to hit)
The bolt of acid hits the skyshark!
The acid corrodes the skyshark!
The skyshark is heavily wounded.
The skyshark is engulfed in a cloud of scalding steam.
The skyshark bites you!! The skyshark misses you.
The skyshark tail-slaps you but does no damage.
The water moccasin misses you.
The skyshark is engulfed in a cloud of scalding steam.
The skyshark closely misses you. The skyshark misses you.
The skyshark completely misses you.
The water moccasin completely misses you.
You can now pass through a line of other dancers.
You hit the skyshark. You tail-slap the skyshark.
The skyshark is heavily wounded.
Unknown command.
You barely miss the skyshark.
The skyshark is heavily wounded.
The skyshark is engulfed in a cloud of scalding steam.
The skyshark misses you. The skyshark tail-slaps you!
The skyshark tail-slaps you but does no damage.
The water moccasin closely misses you.
Unknown command.
You puncture the skyshark!
You tail-slap the skyshark, but do no damage.
You punch the skyshark.
The skyshark is severely wounded.
The skyshark bites you! The skyshark tail-slaps you.
* * * LOW HITPOINT WARNING * * *
The skyshark tail-slaps you.
* * * LOW HITPOINT WARNING * * *
The water moccasin misses you.
Aiming: Line Pass
Press: ? - help, Dir - move target, p - skyshark The water moccasin appears confused.
You can no longer pass through a line of other dancers.
As you read the scroll of teleportation, it crumbles to dust.
You feel strangely unstable.
The plant is engulfed in a cloud of scalding steam.
The plant begins to die.
The skyshark bites you!!
You die...

....# . ...P ..
##...####
..P####........
...............
...............
....P..<..#
...####...## ##
#@...#
.(.#.P#l.S##
...........#
..........##
..........#
....#.....P#
....##P.§....
... ...§.....
.. .....P.###


You could see a skyshark (berserk, corroded) and a water moccasin (confused).

Vanquished Creatures
  Fannar (D:10)
  A boulder beetle (D:11)
  4 two-headed ogres
  An ugly thing (D:11)
  A manticore (D:10)
  2 elephants (Lair:1)
  Maggie (D:6)
  Psyche (D:8)
  A kobold demonologist (D:10)
  2 komodo dragons (Lair:1)
  2 trolls
  3 shadows
  Sigmund (D:6)
  Eustachio (D:4)
  16 yaks
  3 wyverns
  A basilisk (Lair:1)
  2 steam dragons
  A vampire mosquito (D:7)
  Menkaure (D:6)
  2 wargs (D:10)
  An acid dragon (D:11)
  5 water moccasins
  Duvessa (D:4)
  4 orc warriors
  4 ice beasts
  3 sky beasts
  2 black bears (D:5)
  An ogre (D:5)
  2 centaurs (D:7)
  A phantom (D:3)
  Blork the orc (D:6)
  A kobold brigand (D:7)
  5 bullfrogs
  A scorpion (D:7)
  Dowan (D:4)
  4 killer bees (D:8)
  3 howler monkeys
  An electric eel (D:10)
  6 hounds
  Crazy Yiuf (D:4)
  A jelly (D:7)
  3 gnoll boudas
  9 orc priests
  5 iguanas
  4 sleepcaps
  Ijyb (D:5)
  Natasha (thrice) (D:2)
  10 orc wizards
  2 adders
  24 gnolls
  A shadow imp (D:6)
  2 white imps (D:7)
  2 worms
  A dart slug (D:1)
  25 orcs
  3 endoplasms
  A giant cockroach (D:2)
  4 goblins
  5 hobgoblins
  7 quokkas
  5 ball pythons
  4 bats
  4 frilled lizards
  7 kobolds
  4 rats (D:1)
233 creatures vanquished.

Vanquished Creatures (collateral kills)
  A two-headed ogre (D:11)
  An elephant (Lair:1)
  A troll (D:11)
3 creatures vanquished.

Grand Total: 236 creatures vanquished

Notes
Turn   | Place    | Note
-------+----------+-------------------------------------------
     0 | D:1      | CrazyBamboolord the Draconian Artificer began the quest for
                  | the Orb.
     0 | D:1      | Reached XP level 1. HP: 16/16 MP: 1/1
    78 | D:1      | Reached skill level 1 in Stealth
    78 | D:1      | Reached XP level 2. HP: 18/23 MP: 2/2
   586 | D:1      | Reached XP level 3. HP: 24/28 MP: 3/3
  1136 | D:1      | You fall into a shaft and drop 1 floor!
  1136 | D:2      | Found a faded altar of an unknown god.
  1354 | D:2      | Noticed Natasha
  1365 | D:2      | Killed Natasha
  1366 | D:2      | Reached skill level 1 in Short Blades
  1366 | D:2      | Reached XP level 4. HP: 23/35 MP: 4/4
  1484 | D:2      | Noticed Natasha
  1509 | D:2      | Killed Natasha
  1749 | D:2      | Noticed Natasha
  1769 | D:2      | Killed Natasha
  2408 | D:3      | Identified the +2 great mace of Ru's Approval {protect,
                  | rPois}
  2454 | D:3      | Noticed a phantom
  2482 | D:3      | Killed a phantom
  2483 | D:3      | Reached skill level 2 in Short Blades
  2483 | D:3      | Reached XP level 5. HP: 36/41 MP: 5/5
  2816 | D:4      | Found a sacrificial altar of Ru.
  2975 | D:4      | Found Hehihos's Assorted Antiques.
  2978 | D:4      | Bought a blue potion for 21 gold pieces
  2978 | D:4      | Bought a sedimented coppery potion for 21 gold pieces
  2978 | D:4      | Bought a scroll of identify for 48 gold pieces
  2978 | D:4      | Bought a lumpy black potion for 21 gold pieces
  3047 | D:4      | Noticed Eustachio
  3083 | D:4      | Killed Eustachio
  3084 | D:4      | Reached skill level 3 in Short Blades
  3084 | D:4      | Reached XP level 6. HP: 15/50 MP: 6/6
  3365 | D:4      | Noticed Dowan
  3366 | D:4      | Noticed Duvessa
  3384 | D:4      | Killed Duvessa
  3385 | D:4      | HP: 2/51 [Dowan/+0 dagger (4)]
  3396 | D:4      | Killed Dowan
  3397 | D:4      | Your scales start taking on a pale cyan-grey colour.
  3397 | D:4      | Reached skill level 5 in Evocations
  3397 | D:4      | Reached XP level 7. HP: 14/57 MP: 7/7
  3397 | D:4      | Gained mutation: You are immune to the effects of steam.
                  | [Pale Draconian growth]
  3478 | D:4      | Found a runed translucent door.
  3479 | D:4      | Noticed Crazy Yiuf
  3483 | D:4      | Killed Crazy Yiuf
  3774 | D:5      | Entered Level 5 of the Dungeon
  3906 | D:5      | Found Mpudai's Merry Market.
  3988 | D:5      | Reached skill level 4 in Short Blades
  4040 | D:5      | Reached XP level 8. HP: 60/66 MP: 8/8
  4044 | D:5      | Noticed Ijyb
  4089 | D:5      | Killed Ijyb
  4344 | D:5      | Reached skill level 5 in Short Blades
  4471 | D:5      | Reached skill level 5 in Dodging
  4699 | D:6      | Noticed Maggie
  4859 | D:6      | Killed Maggie
  4860 | D:6      | Reached skill level 5 in Fighting
  4860 | D:6      | Reached skill level 6 in Short Blades
  4873 | D:6      | Noticed Blork the orc
  4884 | D:6      | Killed Blork the orc
  4905 | D:6      | Noticed Sigmund
  4918 | D:6      | Killed Sigmund
  4919 | D:6      | Reached XP level 9. HP: 74/74 MP: 9/9
  4939 | D:6      | Noticed Menkaure
  4944 | D:6      | Killed Menkaure
  5578 | D:7      | Found a staircase to the Ecumenical Temple.
  5593 | Temple   | Entered the Ecumenical Temple
  5735 | D:7      | Reached skill level 7 in Short Blades
  6013 | D:7      | Found a hide-covered altar of Uskayaw.
  6022 | D:7      | Became a worshipper of Uskayaw the Reveller
  6061 | D:7      | Reached * piety under Uskayaw
  6067 | D:7      | Reached ** piety under Uskayaw
  6075 | D:7      | Reached *** piety under Uskayaw
  6192 | D:7      | Reached skill level 1 in Invocations
  6244 | D:7      | Reached skill level 5 in Stealth
  6312 | D:7      | Reached skill level 8 in Short Blades
  6339 | D:7      | Reached XP level 10. HP: 62/84 MP: 11/11
  6339 | D:7      | Reached **** piety under Uskayaw
  6352 | D:7      | Reached ***** piety under Uskayaw
  6368 | D:7      | Reached ****** piety under Uskayaw
  6745 | D:8      | Noticed Psyche
  6759 | D:8      | Killed Psyche
  7262 | D:8      | Found a hide-covered altar of Uskayaw.
  7262 | D:8      | Noticed a +0 hand axe
  7262 | D:8      | Noticed a +0 dagger
  8112 | D:9      | Reached skill level 9 in Short Blades
  8323 | D:9      | Found Nenneum's Magic Scroll Emporium.
  8332 | D:9      | Bought a scroll of teleportation for 42 gold pieces
  8414 | D:9      | Noticed a two-headed ogre
  8417 | D:9      | Killed a two-headed ogre
  8539 | D:10     | Entered Level 10 of the Dungeon
  8539 | D:10     | Noticed Fannar
  8571 | D:10     | Killed Fannar
  8572 | D:10     | Reached XP level 11. HP: 36/92 MP: 13/13
  8770 | D:10     | Found a staircase to the Lair.
  8827 | D:10     | Noticed a two-headed ogre
  8848 | D:10     | Killed a two-headed ogre
  8944 | D:10     | Found a snail-covered altar of Cheibriados.
  8944 | D:10     | Found an ornate altar of the Wu Jian Council.
  8944 | D:10     | Found an ancient bone altar of Kikubaaqudgha.
  8967 | D:10     | Noticed a two-headed ogre
  8968 | D:10     | Noticed a two-headed ogre
  9229 | D:10     | Found a burning altar of Makhleb.
  9229 | D:10     | Found a bloodstained altar of Trog.
  9231 | D:10     | Found a shimmering altar of Xom.
  9231 | D:10     | Found a hazy altar of Hepliaklqana.
  9232 | D:10     | Found a basalt altar of Yredelemnul.
  9270 | D:10     | Killed a two-headed ogre
  9552 | D:10     | Killed a two-headed ogre
  9827 | D:11     | Noticed a cyan ugly thing
  9837 | D:11     | Killed a cyan ugly thing
  9864 | D:11     | Found a staircase to the Orcish Mines.
  9962 | D:11     | Noticed a two-headed ogre
  9981 | D:11     | Killed a two-headed ogre
 10541 | D:11     | Noticed a skeletal warrior
 10543 | D:11     | Noticed a skeletal warrior
 10546 | D:11     | Noticed a skeletal warrior
 10549 | D:11     | Noticed a skeletal warrior
 10579 | D:11     | Noticed a boulder beetle
 10602 | D:11     | Killed a boulder beetle
 10603 | D:11     | Reached skill level 10 in Short Blades
 10768 | D:11     | Noticed a skeletal warrior
 10902 | Lair:1   | Entered Level 1 of the Lair of Beasts
 11306 | Lair:1   | Reached skill level 5 in Invocations
 11306 | Lair:1   | Reached XP level 12. HP: 103/103 MP: 15/15
 11783 | Lair:2   | Slain by a skyshark

Illustrated notes

Levels and vault maps discovered:
D:1:      kennysheep_arrival_forest, layout_basic
D:2:      layout_basic, hellmonk_ecumenical_altar_run_dry, uniq_natasha
D:3:      layout_basic, kennysheep_generic_room_12
D:4:      layout_layer_cave, mainiacjoe_overflow_alcove_1, serial_shops,
          nicolae_shop_behind_doors, uniq_crazy_yiuf_cottage, uniq_eustachio,
          uniq_duvessa
D:5:      layout_cave_pools, st_stairs_12, minivault_25,
          chequers_decorated_corner, nicolae_alphabet_shops, uniq_ijyb
D:6:      layout_loops_ring, uniq_maggie, uniq_blork_the_orc, uniq_sigmund,
          uniq_menkaure
D:7:      nzn_winding_woodlands_medium [nzn_winding_woodlands_5x5_checkerboard,
          nzn_winding_woodlands_5x15_jagged,
          nzn_winding_woodlands_5x5_perimeter,
          nzn_winding_woodlands_5x5_open_star,
          nzn_winding_woodlands_center_pierced_h,
          nzn_winding_woodlands_hourglass, nzn_winding_woodlands_5x5_default,
          nzn_winding_woodlands_5x15_garden,
          nzn_winding_woodlands_5x5_closed_star], layout_basic,
          minmay_temple_entry_wispy, kennysheep_small_circle
D:8:      layout_loops_ring, dancing_weapons_uskayaw, minmay_misc_feat_ornament,
          roderic_roman_lattice, uniq_psyche
D:9:      layout_basic, serial_shops, nicolae_shop_crystal, grunt_decor_cap
D:10:     layout_basic, grunt_temple_overflow_open, erik_lair_orcish_takeover,
          grunt_tough_drop, uniq_fannar
D:11:     layout_stronghold, orc_0_dummy, serial_shops,
          nicolae_shop_back_alley_shop, uniq_grum
Temple:   nicolae_temple_x_marks_the_god
Lair:1:   layout_small_grid
Lair:2:   layout_small_grid, guppyfry_snake_entry_garden, uniq_urug

Skill      XL: |  1  2  3  4  5  6  7  8  9 10 11 |
---------------+----------------------------------+-----
Stealth        | 1 2 3 4 5 6 8 |  8.7
Short Blades   | 1 2 3 4 6 8 9 10 | 10.0
Evocations     | 4 5 6 7 8 |  8.5
Dodging        | 3 4 5 6 7 9 |  9.1
Fighting       | 2 3 4 5 6 7 8 |  8.8
Invocations    | 1 3 5 |  5.1

Action                     |  1- 3 |  4- 6 |  7- 9 | 10-12 || total
---------------------------+-------+-------+-------+-------++-------
  Melee: Dagger            |   103 |   161 |     7 |       ||   271
         Club              |     9 |       |       |       ||     9
         Tailslap          |    13 |    14 |    61 |    95 ||   183
         Punch             |     1 |     1 |     3 |     8 ||    13
         Short sword       |       |       |   388 |   478 ||   866
 Invoke: Line Pass         |       |       |       |     4 ||     4
         Stomp             |       |       |       |     1 ||     1
Ability: Breathe Steam     |       |       |    27 |    35 ||    62
  Evoke: Wand              |     5 |    19 |       |    16 ||    40
         Phial of floods   |       |       |       |     2 ||     2
    Use: Scroll            |       |     6 |     5 |    11 ||    22
         Potion            |       |     6 |     2 |     3 ||    11
   Stab: Sleeping          |     3 |     4 |     8 |    13 ||    28
         Distracted        |     1 |       |       |     1 ||     2
         Paralysed         |       |     2 |     2 |    18 ||    22
 Armour: Skin              |    31 |    73 |   103 |    87 ||   294
  Dodge: Dodged            |    66 |   129 |   234 |   236 ||   665
